AoeStats
← Kavellas

Hill Fort

506472723Analyzed
4v4 RM · 19d ago on Sep 13, 2026· 52m 25s· 8 players
Game mode
Random Map
Map size
Large (8 player)
Population
200
Speed
Normal
Resources
Standard
Victory
Conquest
Starting age
Dark Age
Ending age
Imperial Age
RankedLock teamsTeams togetherTeam positionsShared explorationLock speedFull tech treeHidden civsTurbo modeCheats
Victory
Defeat
🇩🇪 Goths · Germany
1294
+14
🇪🇸 Bulgarians · Spain
1293
+14
🇹🇷 Magyars · Türkiye
1292
+14
🇮🇹 Burmese · Italy
1277
+15
🇲🇽 Vietnamese · Mexico
1346
-17
🇲🇽 Saracens · Mexico
1305
-17
🇲🇽 Shu · Mexico
1215
-13
🇨🇴 Lithuanians · Colombia
1154
-10
Jac
0:26 Loom
11:23 Feudal Age
17:00 Castle Age
15:37 Horse Collar
15:58 Gold Mining
22:45 Fletching
24:17 Padded Archer Armor
28:31 Ballistics
28:12 Bodkin Arrow
29:40 Forging
32:56 Scale Barding Armor
33:32 Manipur Cavalry
33:44 Heavy Plow
35:03 Scale Mail Armor
35:39 Iron Casting
36:55 Chain Barding Armor
41:16 Imperial Age
40:15 Gold Shaft Mining
39:31 Stone Mining
41:40 Murder Holes
42:23 Conscription
42:07 Bracer
43:08 Blast Furnace
43:20 Plate Barding Armor
45:01 Chemistry
44:50 Elite Arambai
45:43 Masonry
47:58 Bloodlines
47:08 Light Cavalry
47:50 Husbandry
48:54 Architecture
48:22 Hussar
51:25 Scale Mail Armor
Nino
0:48 Loom
11:28 Feudal Age
16:19 Castle Age
16:58 Double-Bit Axe
16:54 Horse Collar
29:34 Wheelbarrow
29:53 Scale Mail Armor
30:04 Forging
29:58 Anarchy
33:37 Imperial Age
32:14 Chain Mail Armor
32:35 Iron Casting
33:34 Squires
32:55 Pikeman
36:36 Blast Furnace
36:14 Elite Huskarl
39:10 Bow Saw
39:03 Heavy Plow
40:59 Caravan
41:04 Halberdier
45:35 Crop Rotation
49:28 Hand Cart
48:59 Town Watch
51:58 Conscription
51:40 Perfusion
Oppy96
5:58 Loom
11:27 Feudal Age
15:28 Castle Age
14:50 Forging
15:54 Double-Bit Axe
16:52 Gambesons
17:13 Arson
19:49 Horse Collar
23:49 Scale Mail Armor
26:13 Squires
26:55 Iron Casting
30:09 Gold Mining
30:29 Bow Saw
36:55 Town Watch
38:21 Wheelbarrow
38:18 Pikeman
39:32 Chain Mail Armor
43:25 Hand Cart
46:08 Scale Barding Armor
49:58 Imperial Age
47:30 Husbandry
47:41 Bloodlines
46:51 Light Cavalry
50:17 Caravan
51:13 Stone Mining
52:01 Gold Shaft Mining
51:27 Heavy Plow
52:04 Heavy Scorpion
Kavellas
11:38 Feudal Age
12:00 Horse Collar
13:50 Loom
13:54 Double-Bit Axe
16:49 Stone Mining
19:29 Castle Age
21:20 Bow Saw
21:57 Heavy Plow
22:49 Fletching
23:09 Scale Barding Armor
23:05 Gold Mining
28:54 Wheelbarrow
28:33 Town Watch
31:01 Gold Shaft Mining
30:20 Fletching
30:31 Padded Archer Armor
31:20 Corvinian Army
34:30 Imperial Age
33:13 Bloodlines
33:03 Husbandry
33:21 Leather Archer Armor
33:55 Bodkin Arrow
36:02 Ballistics
35:47 Bracer
36:09 Chain Barding Armor
37:03 Parthian Tactics
37:34 Recurve Bow
38:23 Conscription
38:31 Heavy Cavalry Archer
40:21 Chemistry
39:58 Ring Archer Armor
44:00 Elite Magyar Huszar
46:13 Caravan
47:50 Plate Barding Armor
48:13 Hand Cart
MZTK | Dragneel
8:33 Loom
10:30 Feudal Age
11:46 Loom
14:48 Castle Age
13:18 Double-Bit Axe
21:22 Fletching
22:38 Bodkin Arrow
24:09 Bow Saw
23:45 Horse Collar
28:11 Bloodlines
28:03 Husbandry
31:28 Ballistics
32:00 Thumb Ring
38:40 Imperial Age
36:29 Elite Skirmisher
38:58 Padded Archer Armor
40:42 Chemistry
39:24 Imperial Skirmisher
41:36 Hoardings
41:41 Bracer
42:47 Squires
42:32 Arson
42:45 Gold Mining
42:45 Stone Mining
44:13 Two-Man Saw
45:43 Elite Fire Lancer
MZTK | BALLON BOY
6:57 Loom
9:03 Loom
10:49 Feudal Age
15:37 Castle Age
14:45 Double-Bit Axe
15:24 Fletching
18:35 Bow Saw
25:02 Bodkin Arrow
32:16 Padded Archer Armor
38:57 Scale Mail Armor
39:08 Forging
41:44 Gold Mining
41:45 Stone Mining
42:07 Horse Collar
43:05 Gold Shaft Mining
43:35 Chain Mail Armor
45:33 Leather Archer Armor
50:26 Imperial Age
48:33 Wheelbarrow
48:42 Crossbowman
49:27 Thumb Ring
51:07 Arbalester
52:35 Bracer
53:06 Ring Archer Armor
MZTK | Kaptn'SpeR0
10:56 Feudal Age
9:13 Loom
11:53 Double-Bit Axe
15:29 Wheelbarrow
18:38 Castle Age
16:22 Horse Collar
16:33 Gold Mining
17:52 Gold Mining
18:56 Stone Mining
19:36 Bow Saw
21:17 Scale Barding Armor
21:51 Heavy Plow
22:24 Chain Barding Armor
25:59 Forging
28:28 Iron Casting
29:08 Husbandry
29:19 Bloodlines
33:25 Imperial Age
32:50 Hand Cart
33:36 Elite Mameluke
34:37 Conscription
35:18 Blast Furnace
37:06 Chemistry
36:46 Plate Barding Armor
39:06 Fletching
40:04 Bodkin Arrow
40:07 Murder Holes
40:17 Siege Engineers
42:00 Padded Archer Armor
43:34 Two-Man Saw
42:35 Bracer
44:43 Leather Archer Armor
46:05 Coinage
45:35 Caravan
47:21 Banking
49:28 Ring Archer Armor
51:50 Town Watch
MZTK | Adjets
8:38 Loom
10:28 Feudal Age
17:34 Castle Age
16:04 Double-Bit Axe
19:17 Bloodlines
20:31 Wheelbarrow
21:21 Horse Collar
21:39 Town Watch
27:20 Scale Barding Armor
27:27 Forging
28:55 Husbandry
32:25 Imperial Age
32:20 Hand Cart
33:08 Fletching
33:43 Ballistics
33:51 Town Patrol
34:25 Heavy Plow
35:41 Chain Barding Armor
35:57 Iron Casting
35:18 Bodkin Arrow
34:56 Cavalier
40:55 Plate Barding Armor
41:05 Bracer
40:40 Paladin
40:48 Elite Skirmisher
42:46 Imperial Skirmisher
51:12 Caravan
Connection lost

Rejoining the realm…

Still unreachable

The connection could not be restored.

Session expired

The server has moved on; the page needs a fresh start.